 Dungeon Crawl Stone Soup version 0.16-a0-3260-g19c2095 (console) character file.

6765 Fusha the Thaumaturge (level 10, -16/54 HPs)
             Began as a Deep Elf Wizard on Dec 23, 2014.
             Was a High Priest of Sif Muna.
             Killed by an exploding giant spore (19 damage)
             ... set off by their pet
             ... on level 10 of the Dungeon.
             The game lasted 00:49:59 (12225 turns).

Fusha the Thaumaturge (Deep Elf Wizard)            Turns: 12225, Time: 00:49:59

Health: -16/54     AC:  9    Str:  4    XL:     10   Next: 75%
Magic:  14/33      EV: 16    Int: 27    God:    Sif Muna [*****.]
Gold:   475        SH:  0    Dex: 13    Spells: 10 memorised, 5 levels left

rFire  . . .     SeeInvis .     i - +2 whip (drain)
rCold  . . .     Clarity  .     O - +1 robe {MR+}
rNeg   . . .     SustAb   .     (no shield)
rPois  .         Gourm    .     u - +0 helmet
rElec  .         Spirit   .     q - +0 cloak
rCorr  .         Warding  .     s - +2 pair of gloves
rMut   .         Stasis   .     (no boots)
MR     ++...                    Q - amulet of inaccuracy (curse)
Stlth  +.........               (no ring)
                                R - +1 ring of protection

@: confused, lethally poisoned, repel missiles, very resistant to hostile
enchantments, very unstealthy
A: no striking features
a: Channel Energy, Forget Spell, Renounce Religion


You were on level 10 of the Dungeon.
You worshipped Sif Muna.
Sif Muna was extremely pleased with you.
You were not hungry.

You visited 1 branch of the dungeon, and saw 10 of its levels.
You also visited: Sewer.

You collected 475 gold pieces.

Inventory:

Hand weapons
 i - a +2 whip of draining (weapon)
 y - a cursed -1 short sword
 F - a +1 mace of crushing
Missiles
 l - 27 stones (quivered)
 p - 6 needles of paralysis
 z - 6 curare-tipped needles
Armour
 a - a +0 robe
 b - a +0 hat
 q - a +0 cloak (worn)
 s - a +2 pair of gloves (worn)
 u - a +0 helmet (worn)
 O - a +1 robe of magic resistance (worn)
Jewellery
 Q - a cursed amulet of inaccuracy (around neck)
 R - a +1 ring of protection (left hand)
Magical devices
 C - a wand of frost (21)
 L - a wand of flame (36)
 S - a wand of slowing (27)
 U - a wand of teleportation (4)
Scrolls
 h - a scroll of blinking
 j - 2 scrolls of amnesia
 o - 6 scrolls of teleportation
 v - 3 scrolls of immolation {unknown}
 I - a scroll of enchant weapon {unknown}
 J - a scroll of fear
 T - a scroll of random uselessness {unknown}
 X - a scroll of noise {unknown}
Potions
 e - a potion of lignification
 f - 2 potions of restore abilities
 m - a potion of magic
 n - 4 potions of heal wounds
 r - a potion of invisibility
 w - a potion of agility
 x - 3 potions of curing
 A - a potion of might
 B - a potion of ambrosia
 E - 2 potions of poison
 H - 2 potions of degeneration
 K - a potion of beneficial mutation
 N - 2 potions of haste
 P - a potion of resistance
Books
 c - a book of Minor Magic

   Spells                             Type                      Level
   a - Magic Dart                     Conjuration                  1
   b - Blink                          Translocation                2
   c - Call Imp                       Summoning                    2
   d - Repel Missiles                 Charms/Air                   2
   e - Slow                           Hexes                        2
   f - Conjure Flame                  Conjuration/Fire             3
   g - Mephitic Cloud                 Conjuration/Poison/Air       3
 D - a book of the Earth

   Spells                             Type                      Level
   a - Leda's Liquefaction            Hexes/Earth                  4
   b - Bolt of Magma                  Conjuration/Fire/Earth       5
   c - Statue Form                    Transmutation/Earth          6
   d - Iron Shot                      Conjuration/Earth            6
   e - Shatter                        Earth                        9
 G - a book of Conjurations

   Spells                             Type                      Level
   a - Magic Dart                     Conjuration                  1
   b - Searing Ray                    Conjuration                  2
   c - Dazzling Spray                 Conjuration/Hexes            3
   d - Fulminant Prism                Conjuration/Hexes            4
   e - Iskenderun's Mystic Blast      Conjuration                  4
   f - Iskenderun's Battlesphere      Conjuration/Charms           5
 W - a book of the Dragon

   Spells                             Type                      Level
   a - Flight                         Charms/Air                   3
   b - Cause Fear                     Hexes                        4
   c - Bolt of Fire                   Conjuration/Fire             6
   d - Dragon Form                    Transmutation                7
   e - Dragon's Call                  Summoning                    9
Miscellaneous
 M - a sack of spiders {used: 1}
Comestibles
 d - 6 bread rations
 g - 2 beef jerkies
 k - a slice of pizza
 t - 8 meat rations
 V - 2 fruits
 Y - 5 chunks of flesh


   Skills:
 + Level 2.7 Fighting
 + Level 2.1 Maces & Flails
 + Level 8.2 Dodging
 + Level 5.5 Stealth
 + Level 12.2 Spellcasting
 + Level 9.4 Conjurations
 + Level 1.3 Charms
 + Level 1.1 Summonings
 + Level 1.1 Translocations
 + Level 2.5 Fire Magic
 + Level 1.6 Air Magic
 * Level 4.9 Earth Magic
 + Level 1.9 Poison Magic


You had 5 spell levels left.
You knew the following spells:

 Your Spells              Type           Power        Failure   Level  Hunger
a - Magic Dart            Conj           ####         1%          1    None
b - Call Imp              Summ           ###.....     3%          2    None
c - Dazzling Spray        Conj/Hex       #####...     1%          3    None
d - Blink                 Tloc           N/A          3%          2    None
e - Repel Missiles        Chrm/Air       ###...       2%          2    None
f - Mephitic Cloud        Conj/Pois/Air  #####...     1%          3    None
g - Conjure Flame         Conj/Fire      #####...     1%          3    None
h - Searing Ray           Conj           ######       1%          2    None
i - Iskenderun's Mystic   Conj           ######..     1%          4    None
j - Iron Shot             Conj/Erth      ######....   30%         6    #####..


Dungeon Overview and Level Annotations

Branches:
Dungeon (10/15)            Temple (0/1) D:6             Orc (0/4) D:9
   Lair: D:8-11

Altars:
Ashenzari
Elyvilon
Fedhas
Gozag
Kikubaaqudgha
Okawaru
Qazlal
Ru
Sif Muna
Trog
Xom
Zin
The Shining One

Shops:
D:4 (   D:5 [   D:6 (   D:10 }


Message History

Gang up on whom?
Press: ? - help, Dir - move target cursor, f - giant spore, p - killer bee
Aim: a giant spore Attack!
The killer bee stings you.
* * * LOW HITPOINT WARNING * * *
A ballistomycete grows in the wake of the giant spore.
The killer bee stings you.
* * * LOW HITPOINT WARNING * * *
You are lethally poisoned!
The killer bee poisons you!
Your spider bites the giant spore.
The giant spore explodes!
Your spider appears confused.
The explosion of spores engulfs your spider.
The killer bee appears confused.
The explosion of spores engulfs the killer bee.
The killer bee dies!
The explosion of spores engulfs the ballistomycete.
The explosion of spores engulfs you!
You are confused.
You die...

.....# #...#
...P.# #...#
.....#
####...#######
..#
#............#
.......P......#
........s.....#
.######^.^....#
#†.†....#
#.@.##### #...#
#...# #...#
#...#
..#######)..#
...........♣#
............#
.........(♣∩♣


You could see a friendly spider (confused).

Vanquished Creatures
  2 hill giants (D:10)
  Pikel (D:6)
  The ghost of Miyamura the Grasshopper, an experienced HEWr of Okawaru (D:6)
  Joseph (D:7)
  A troll (D:10)
  A two-headed ogre (D:9)
  6 yaks
  A wyvern (D:9)
  A water moccasin (D:7)
  2 sky beasts (D:9)
  2 ice beasts
  4 slaves
  A yellow wasp (D:9)
  4 centaurs
  3 ogres
  An orc warrior (D:6)
  4 giant frogs
  2 wyvern zombies
  A big kobold (D:9)
  2 killer bees (D:10)
  2 scorpions
  3 wights (D:7)
  A centaur zombie (D:7)
  A hound (D:9)
  2 crimson imps (D:7)
  A goliath beetle (D:10)
  A jelly (D:9)
  A quasit (D:9)
  2 centaur skeletons
  2 giant frog skeletons
  2 orc priests
  2 orc wizards (D:8)
  2 iguanas
  4 worker ants
  2 hound zombies (D:8)
  A hound skeleton (D:4)
  A mummy (D:8)
  Robin (D:3)
  7 gnolls (D:5)
  13 adders
  A shadow imp (D:6)
  A giant mite (D:7)
  24 orcs
  4 ball pythons
  A bat zombie (D:5)
  10 hobgoblins
  17 kobolds
  4 quokkas
  17 bats
  4 giant cockroaches
  9 giant geckos
  12 giant newts
  2 giant spores
  23 goblins
  21 jackals
  8 rats
  4 ballistomycetes
  2 plants (Sewer)
256 creatures vanquished.

Vanquished Creatures (collateral kills)
  2 killer bees (D:10)
2 creatures vanquished.

Vanquished Creatures (others)
  A spider (D:10)
  A killer bee (D:10)
  A giant spore (D:10)
  A ballistomycete (D:10)
4 creatures vanquished.

Grand Total: 262 creatures vanquished

Notes
Turn   | Place    | Note
--------------------------------------------------------------
     0 | D:1      | Fusha, the Deep Elf Wizard, began the quest for the Orb.
     0 | D:1      | Reached XP level 1. HP: 10/10 MP: 6/6
   365 | D:1      | Reached skill level 5 in Spellcasting
   372 | D:1      | Reached XP level 2. HP: 15/15 MP: 0/11
   376 | D:1      | Learned a level 2 spell: Call Imp
   379 | D:1      | Learned a level 2 spell: Slow
   382 | D:1      | Learned a level 2 spell: Blink
   385 | D:1      | Learned a level 2 spell: Repel Missiles
   917 | D:2      | Found a shattered altar of Ashenzari.
  1135 | D:2      | Reached XP level 3. HP: 12/19 MP: 7/14
  1144 | D:2      | Learned a level 3 spell: Mephitic Cloud
  2098 | D:3      | Found a deep blue altar of Sif Muna.
  2101 | D:3      | Became a worshipper of Sif Muna the Loreminder
  2197 | D:3      | Noticed Robin
  2197 | D:3      | Reached XP level 4. HP: 24/24 MP: 14/17
  2456 | D:3      | Killed Robin
  2524 | D:3      | Reached skill level 6 in Spellcasting
  2550 | D:3      | Found a glowing golden altar of the Shining One.
  2622 | D:3      | Found a glowing drain.
  2630 | Sewer    | Entered a sewer
  3119 | Sewer    | Reached XP level 5. HP: 28/28 MP: 16/20
  3126 | Sewer    | Learned a level 3 spell: Conjure Flame
  4144 | D:4      | Found an iron altar of Okawaru.
  4144 | D:4      | Found Ginahyax's Antique Weapon Emporium.
  4328 | D:4      | Reached XP level 6. HP: 33/33 MP: 15/22
  4371 | D:4      | Found a stormy altar of Qazlal.
  4519 | D:4      | Found a bloodstained altar of Trog.
  4553 | D:5      | Entered Level 5 of the Dungeon
  4633 | D:5      | Reached skill level 1 in Fighting
  4725 | D:5      | Learned a level 2 spell: Searing Ray
  4731 | D:5      | Learned a level 3 spell: Dazzling Spray
  4761 | D:5      | Found Twegh's Armour Boutique.
  4783 | D:5      | Reached skill level 7 in Spellcasting
  5052 | D:5      | Acquired Sif Muna's first power
  5052 | D:5      | Reached skill level 1 in Maces & Flails
  5085 | D:5      | HP: 1/34 [poisoned by a worker ant]
  5306 | D:5      | Found a white marble altar of Elyvilon.
  5689 | D:6      | Reached XP level 7. HP: 38/38 MP: 19/25
  5770 | D:6      | Noticed Pikel
  6008 | D:6      | Reached skill level 5 in Conjurations
  6232 | D:6      | Noticed Miyamura's ghost (experienced HEWr)
  6275 | D:6      | Killed Miyamura's ghost
  6275 | D:6      | Reached skill level 8 in Spellcasting
  6275 | D:6      | Reached skill level 1 in Fire Magic
  6275 | D:6      | Reached XP level 8. HP: 27/43 MP: 8/28
  6281 | D:6      | Learned a level 4 spell: Iskenderun's Mystic Blast
  6466 | D:6      | Killed Pikel
  6466 | D:6      | Acquired Sif Muna's second power
  6466 | D:6      | Reached skill level 9 in Spellcasting
  6508 | D:6      | Found a staircase to the Ecumenical Temple.
  6662 | D:6      | Found Adwuogo's Antique Weapon Shoppe.
  6838 | D:7      | Noticed Joseph
  7220 | D:7      | Found an ancient bone altar of Kikubaaqudgha.
  7220 | D:7      | Found a blossoming altar of Fedhas.
  7543 | D:7      | Reached skill level 10 in Spellcasting
  7597 | D:7      | Reached skill level 5 in Dodging
  7957 | D:7      | Reached XP level 9. HP: 48/48 MP: 21/30
  8124 | D:7      | Killed Joseph
  8124 | D:7      | Reached skill level 1 in Poison Magic
  8426 | D:8      | Reached skill level 1 in Air Magic
  8619 | D:8      | Reached skill level 11 in Spellcasting
  8627 | D:8      | Learned a level 6 spell: Iron Shot
  9058 | D:8      | Reached skill level 1 in Earth Magic
  9275 | D:8      | Acquired Sif Muna's third power
  9447 | D:8      | Found a shimmering altar of Xom.
  9534 | D:9      | Found a staircase to the Orcish Mines.
  9692 | D:9      | Found an opulent altar of Gozag.
 10206 | D:9      | Found a sacrificial altar of Ru.
 10207 | D:9      | Found a glowing silver altar of Zin.
 10608 | D:9      | Reached XP level 10. HP: 54/54 MP: 24/32
 10919 | D:10     | Entered Level 10 of the Dungeon
 10922 | D:10     | Noticed a hill giant
 10956 | D:10     | Killed a hill giant
 11186 | D:9      | Reached skill level 5 in Stealth
 11186 | D:9      | Reached skill level 12 in Spellcasting
 11951 | D:10     | Noticed a hill giant
 11951 | D:10     | Found Scharaps' Gadget Shop.
 11954 | D:10     | Killed a hill giant
 12087 | D:10     | Noticed a hill giant
 12132 | D:10     | Reached skill level 1 in Charms
 12215 | D:10     | HP: 1/54 [killer bee (10)]
 12225 | D:10     | Killed by an exploding giant spore... set off by their pet

Action                   |  1- 3 |  4- 6 |  7- 9 | 10-12 || total
-------------------------+-------+-------+-------+-------++-------
Melee: Whip              |    10 |   197 |    88 |    58 ||   353
 Cast: Magic Dart        |    98 |   162 |   199 |    58 ||   517
       Mephitic Cloud    |       |     3 |     3 |     5 ||    11
       Searing Ray       |       |     2 |    35 |    16 ||    53
       Conjure Flame     |       |     2 |    11 |     1 ||    14
       Repel Missiles    |       |       |     2 |     3 ||     5
       Iskenderun's Myst |       |       |     3 |     7 ||    10
       Dazzling Spray    |       |       |       |     4 ||     4
Evoke: Sack of spiders   |       |       |       |     2 ||     2
  Use: Scroll            |     5 |    10 |     7 |     1 ||    23
       Potion            |       |     2 |       |     3 ||     5
 Stab: Sleeping          |       |       |     1 |       ||     1
       Invisible         |       |       |       |     3 ||     3
       Confused          |       |       |       |     2 ||     2
  Eat: Chunk             |     4 |    11 |    11 |     5 ||    31
       Royal jelly       |       |       |     1 |       ||     1
       Pizza             |       |       |     1 |       ||     1
